 Dungeon Crawl Stone Soup version 0.16-a0-3638-g6091178 (webtiles) character file.

500 Gronka the Shield-Bearer (level 6, 0/56 HPs)
             Began as a Minotaur Fighter on Jan 15, 2015.
             Shot with an arrow by a centaur (9 damage)
             ... on level 4 of the Dungeon.
             The game lasted 00:05:45 (3043 turns).

Gronka the Shield-Bearer (Minotaur Fighter)         Turns: 3043, Time: 00:05:45

Health: 0/56       AC: 15    Str: 23    XL:     6   Next: 94%
Magic:  3/3        EV:  5    Int:  5    God:
Gold:   206        SH: 10    Dex:  9    Spells: 0 memorised, 5 levels left

rFire  . . .     SeeInvis .     a - +0 war axe
rCold  . . .     Clarity  .     f - +0 plate armour
rNeg   . . .     SustAb   .     c - +0 shield
rPois  +         Gourm    .     (helmet restricted)
rElec  .         Spirit   .     (no cloak)
rCorr  .         Warding  .     (no gloves)
rMut   .         Stasis   .     w - +2 pair of boots
MR     .....                    (no amulet)
Stlth  ..........               (no ring)
                                o - ring of poison resistance

@: not resistant to hostile enchantments, extremely unstealthy
A: retaliatory headbutt, horns 2
a: no special abilities


You were on level 4 of the Dungeon.
You were not hungry.

You visited 1 branch of the dungeon, and saw 4 of its levels.

You collected 206 gold pieces.

Inventory:

Hand weapons
 a - a +0 war axe (weapon)
Missiles
 t - a poisoned needle
Armour
 b - a +0 scale mail
 c - a +0 shield (worn)
 f - a +0 plate armour (worn)
 u - a +0 scale mail
 w - a +2 pair of boots (worn)
Jewellery
 o - a ring of poison resistance (left hand)
Scrolls
 h - a scroll of random uselessness {unknown}
 i - 5 scrolls of identify {unknown}
 n - 3 scrolls of remove curse {unknown}
 B - a scroll of teleportation
Potions
 e - a potion of might
 k - a potion of magic {unknown}
 p - a potion of poison {unknown}
 q - a potion of agility {unknown}
 r - a potion of berserk rage {unknown}
 s - a potion of mutation {unknown}
 v - a potion of resistance
 x - a potion of curing {unknown}
 z - 2 potions of haste {unknown}
 A - a potion of heal wounds {unknown}
Books
 y - a book of Frost

   Spells                             Type                      Level
   a - Freeze                         Ice                          1
   b - Throw Frost                    Conjuration/Ice              2
   c - Ozocubu's Armour               Charms/Ice                   3
   d - Throw Icicle                   Conjuration/Ice              4
   e - Summon Ice Beast               Ice/Summoning                4
   f - Condensation Shield            Ice                          4
Comestibles
 d - 2 bread rations
 g - a meat ration
 j - 2 fruits
 l - a royal jelly
 m - a slice of pizza


   Skills:
 + Level 5.0 Fighting
 + Level 4.2 Axes
 + Level 5.6 Armour
 + Level 2.4 Dodging
 + Level 0.3 Stealth
 + Level 5.9 Shields


You had 5 spell levels left.
You didn't know any spells.

Dungeon Overview and Level Annotations

Branches:
Dungeon (4/15)
 Temple: D:4-7

Altars:
Gozag

Shops:
D:4 *

Annotations:
D:3 kroki's ghost, average GrBe
D:4 Sigmund


Innate Abilities, Weirdness & Mutations

You reflexively headbutt those who attack you in melee.
You have a pair of horns on your head.


Message History

You see here an arrow.
The centaur shoots an arrow.
The arrow hits you but does no damage.
Sigmund says, "You will soon forget everything."
You see here an arrow.
The centaur shoots an arrow.
You block the arrow.
You see here an arrow.
The centaur shoots an arrow.
You block the arrow.
The centaur shoots an arrow.
The arrow hits you!
* * * LOW HITPOINT WARNING * * *
You see here 2 arrows.
The centaur shoots an arrow.
You block the arrow.
You see here an arrow.
The centaur shoots an arrow.
The arrow hits you but does no damage. Sigmund gestures at you while chanting.
The magic dart hits you!
* * * LOW HITPOINT WARNING * * *
You see here an arrow.
Sigmund says, "Your kind have come here before.
I understand now why.
You desire death..."
The centaur shoots an arrow.
The arrow hits you!
You die...

...###..(......#..........
........(....8.#..........
........(.....##..........
........(...###..####.....
..##....(@......## ###...
# #####.....c..(..######
###. ###...######...(.##
#. #>##..#....#.##(.## #.
...#...#...## ##@.# #.
<.<#..###### #..#### #.
.<....#...# ##.... #.
...####...# ...... #.
...#......# ##..###..#
##.. ...#......# #†..# .
###... ...#.##...## ##...#
#.....#
...####.^..###†...##..
#.....# ...#
#......#..[......# #......


You could see Sigmund and a centaur.

Vanquished Creatures
  The ghost of ZiggyStardust the Magician, an experienced DEAE (D:4)
  An ogre (D:4)
  Natasha (D:4)
  A worker ant (D:4)
  A hound skeleton (D:4)
  4 gnolls
  3 adders
  A giant mite (D:1)
  2 worms (D:2)
  3 giant geckos
  An ooze (D:2)
  An orc (D:3)
  2 ball pythons
  6 bats
  3 giant cockroaches
  7 hobgoblins
  9 kobolds
  3 giant newts
  6 goblins
  2 quokkas
  6 rats
64 creatures vanquished.

Notes
Turn   | Place    | Note
--------------------------------------------------------------
     0 | D:1      | Gronka, the Minotaur Fighter, began the quest for the Orb.
     0 | D:1      | Reached XP level 1. HP: 19/19 MP: 1/1
     6 | D:1      | Noticed a polar bear
     6 | D:1      | Noticed a komodo dragon
     6 | D:1      | Noticed a hound
     6 | D:1      | Noticed a water moccasin
    32 | D:1      | Reached XP level 2. HP: 25/27 MP: 1/1
    97 | D:1      | Reached skill level 4 in Fighting
   714 | D:2      | Reached XP level 3. HP: 28/33 MP: 2/2
   787 | D:2      | Reached XP level 4. HP: 20/41 MP: 2/2
   991 | D:2      | Reached skill level 1 in Dodging
  1708 | D:3      | Noticed kroki's ghost (average GrBe)
  2562 | D:4      | Noticed an ogre
  2568 | D:4      | Killed an ogre
  2568 | D:4      | Reached skill level 5 in Shields
  2568 | D:4      | Reached XP level 5. HP: 38/47 MP: 2/2
  2619 | D:4      | Noticed ZiggyStardust's ghost (experienced DEAE)
  2631 | D:4      | Killed ZiggyStardust's ghost
  2631 | D:4      | Reached skill level 5 in Fighting
  2631 | D:4      | Reached skill level 5 in Armour
  2631 | D:4      | Reached XP level 6. HP: 18/56 MP: 3/3
  2841 | D:4      | Noticed Natasha
  2848 | D:4      | Killed Natasha
  2995 | D:4      | Noticed Sigmund
  2997 | D:4      | Found Gozag's Nutrition Petition.
  2997 | D:4      | Found an opulent altar of Gozag.
  3031 | D:4      | Noticed a centaur
  3043 | D:4      | Shot with an arrow by a centaur

Action                   |  1- 3 |  4- 6 || total
-------------------------+-------+-------++-------
Melee: War axe           |    58 |   144 ||   202
  Use: Scroll            |       |     2 ||     2
  Eat: Bread ration      |       |     2 ||     2
